 Dungeon Crawl Stone Soup version 0.29-a0-111-gbaf749a769 (webtiles) character file.

Game seed: 5246363931476800064

5350 jlumianski the Firebug (level 10, -3/77 HPs)
             Began as a Hill Orc Fire Elementalist on Feb 17, 2022.
             Was a Believer of Beogh.
             Slain by a two-headed ogre (22 damage)
             ... on level 9 of the Dungeon.
             The game lasted 01:18:34 (16413 turns).

jlumianski the Firebug (HOFE)                      Turns: 16413, Time: 01:18:37

Health: -3/77      AC: 15    Str: 16    XL:     10   Next: 65%
Magic:  16/18      EV: 12    Int: 15    God:    Beogh [**....]
Gold:   400        SH:  0    Dex: 11    Spells: 4/19 levels left

rFire   + . .      SeeInvis .   l - +4 whip (vamp)
rCold   . . .      Faith    +   (no shield)
rNeg    . . .      Spirit   .   O - +2 leather armour {rF+}
rPois   .          Reflect  .   h - +1 helmet
rElec   .          Harm     .   v - +0 cloak
rCorr   .          Rampage  .   (no gloves)
Will    .....                   P - +1 pair of boots
Stlth   ++........              q - amulet of faith
HPRegen 0.22/turn               D - ring of wizardry
MPRegen 0.16/turn               u - +4 ring of protection

@: no status effects
A: no striking features
a: Renounce Religion, Smiting


You were on level 9 of the Dungeon.
You worshipped Beogh.
Beogh was pleased with you.
You visited 1 branch of the dungeon, and saw 10 of its levels.

You collected 532 gold pieces.
You spent 132 gold pieces at shops.

Inventory:

Hand Weapons
 d - a +0 whip
 f - a +0 dagger
 l - a +4 vampiric whip (weapon)
 n - a +2 dire flail
 y - a +3 trident of freezing
 H - a +1 dagger of draining
 M - a +3 hand axe
Missiles
 b - 85 bolts
 c - 363 stones
 e - a throwing net
 i - 3 boomerangs (quivered)
 s - 5 poisoned darts
Armour
 a - a +0 robe
 g - a +0 leather armour
 h - a +1 helmet (worn)
 m - an orb of energy
 p - a +0 pair of boots
 v - a +0 cloak (worn)
 O - a +2 leather armour of fire resistance (worn)
 P - a +1 pair of boots (worn)
Jewellery
 k - a ring of see invisible
 q - an amulet of faith (around neck)
 u - a +4 ring of protection (right hand)
 x - a ring of wizardry
 B - a ring of willpower
 D - a ring of wizardry (left hand)
 I - a ring of fire
Wands
 z - a wand of polymorph (6)
 E - a wand of acid (8)
 F - a wand of flame (1)
 J - a wand of digging (3)
Scrolls
 o - 3 scrolls of teleportation
 t - 2 scrolls of amnesia
 G - 4 scrolls of magic mapping
 K - a scroll of fear
Potions
 j - a potion of magic
 r - 2 potions of brilliance
 w - a potion of flight
 A - 2 potions of curing
 C - 2 potions of berserk rage
 L - a potion of might
 N - a potion of ambrosia


   Skills:
 + Level 3.6 Fighting
 + Level 5.6 Maces & Flails
 + Level 0.2 Throwing
 + Level 3.9 Armour
 + Level 3.8 Dodging
 + Level 3.0 Stealth
 + Level 5.3 Spellcasting
 + Level 2.7 Conjurations
 + Level 1.2 Summonings
 + Level 6.9 Fire Magic
 * Level 6.9 Invocations
 * Level 6.4 Evocations


You had 4 spell levels left.
You knew the following spells:

 Your Spells              Type           Power      Damage    Failure   Level
a - Foxfire               Conj/Fire      72%        2x1d7     1%          1
b - Scorch                Fire           48%        2d7       1%          2
c - Conjure Flame         Conj/Fire      18%        6-21      3%          3
d - Flame Wave            Conj/Fire      18%        2d6       11%         4
e - Mephitic Cloud        Conj/Pois/Air  6%         N/A       16%         3
f - Call Imp              Summ           7%         N/A       7%          2

Your spell library contained the following spells:

 Spells                   Type           Power      Damage    Failure   Level
 Magic Dart               Conj           48%        1d5       2%          1
 Static Discharge         Conj/Air       8%         N/A       6%          2
 Inner Flame              Hex/Fire       14%        N/A       6%          3
 Lightning Bolt           Conj/Air       4%         1d15      71%         5
 Malign Gateway           Summ/Tloc      2%         N/A       100%        7
 Maxwell's Capacitive Co  Air            2%         ∞         100%        8
 Summon Horrible Things   Summ           3%         N/A       100%        8


Dungeon Overview and Level Annotations

Branches:
Dungeon (10/15)            Temple (0/1) D:4
   Lair: D:8-11         Orc: D:9-12

Altars:
Cheibriados
Hepliaklqana
Nemelex Xobeh
Okawaru
Qazlal
Trog
Uskayaw
Vehumet
Wu Jian

Shops:
D:1 !   D:6 *   D:8 [=[([

Portals:
Abyss: D:8

Annotations:
D:8 TheGamechu's ghost, novice MiFi


Message History

The two-headed ogre hits you but does no damage.
An orc warrior comes into view. It is wielding a +0 halberd.
Your crimson imp blinks!
Your magical contamination has completely faded away.
There is a stone staircase leading up here.
The two-headed ogre closely misses you.
The two-headed ogre hits you with a +0 giant club!
* * * LOW HITPOINT WARNING * * *
You climb upwards.
There is a stone staircase leading down here.
The two-headed ogre is no longer more vulnerable to fire.
Casting: Scorch (safe; 1% risk of failure)
Confirm with . or Enter, or press ? or * to list all spells.
A beastly little devil appears in a puff of flame.
The two-headed ogre hits you with a +0 giant club!
* * * LOW HITPOINT WARNING * * *
The two-headed ogre closely misses you.
Your crimson imp closely misses the two-headed ogre.
Your crimson imp blinks!
You see here a +0 leather armour.
Casting: Call Imp (safe; 7% risk of failure)
Confirm with . or Enter, or press ? or * to list all spells.
A beastly little devil appears in a puff of flame.
Your crimson imp closely misses the two-headed ogre.
Your crimson imp barely misses the two-headed ogre.
Casting: Call Imp (safe; 7% risk of failure)
Confirm with . or Enter, or press ? or * to list all spells.
A beastly little devil appears in a puff of flame.
Your crimson imp disappears in a puff of smoke!
The two-headed ogre closely misses you.
The two-headed ogre hits you with a +0 giant club!
* * * LOW HITPOINT WARNING * * *
Your crimson imp blinks!
Casting: Call Imp (safe; 7% risk of failure)
Confirm with . or Enter, or press ? or * to list all spells.
A beastly little devil appears in a puff of flame.
The two-headed ogre hits you with a +0 giant club!
* * * LOW HITPOINT WARNING * * *
The two-headed ogre hits you with a +0 giant club!!
You die...

...)...#.......#######......#....
#####'##.......#.....#...####....
...............#.....#'###.......
...............#.................
...............#.................
...............#.#####...........
...............#.5...#...........
...............#.#...#...........
.#########.....#@#<..#...........
.#.......#.....#O#####...........
.#.......#.....#...........####'#
.#.......#.....#####.......#.....
.#.......#.........#.......#.....
.#.......#..#####..#.......#.....
.#.......#..# #..#.......#.....
.'.......#..# #..#.......######
.#.......#..# #..#.............


You could see a two-headed ogre (ally target) and a friendly crimson imp
(summoned).

Vanquished Creatures
  Pikel (D:8)
  Grinder (D:4)
  A hornet (D:8)
  Eustachio (D:3)
  An acid dragon (D:7)
  2 water moccasins
  2 orc warriors
  An ice beast (D:5)
  A black bear (D:6)
  A hornet zombie (D:9)
  A necrophage (D:6)
  An ogre (D:5)
  4 centaurs
  2 phantoms
  2 lemures (D:8)
  A gnoll sergeant (D:9)
  A bullfrog (D:7)
  6 scorpions
  A wyvern zombie (D:6)
  A small abomination (D:8)
  22 killer bees
  3 wights (D:6)
  4 howler monkeys
  A centaur zombie (D:8)
  4 hounds
  2 orc priests (D:8)
  2 bullfrog zombies (D:5)
  A jelly (D:5)
  2 bullfrog skeletons
  Ijyb (D:6)
  4 iguanas
  8 orc wizards
  3 killer bee zombies
  3 howler monkey zombies
  A howler monkey skeleton (D:7)
  8 gnolls
  6 adders
  A shadow imp (D:7)
  A white imp (D:7)
  An ufetubus (D:6)
  4 dart slugs
  12 orcs
  12 ball pythons
  4 bats
  4 endoplasms
  A giant cockroach (D:4)
  4 goblins
  7 hobgoblins
  2 jackals (D:1)
  3 quokkas
  3 frilled lizards
  6 kobolds
  8 rats
180 creatures vanquished.

Vanquished Creatures (collateral kills)
  A sky beast (D:7)
  A jelly (D:6)
2 creatures vanquished.

Vanquished Creatures (others)
  2 orc priests (D:3)
  3 orcs (D:3)
  243 foxfires
  12 plants
260 creatures vanquished.

Grand Total: 442 creatures vanquished

Notes
Turn   | Place    | Note
-------+----------+-------------------------------------------
     0 | D:1      | jlumianski the Hill Orc Fire Elementalist began the quest
                  | for the Orb.
     0 | D:1      | Reached XP level 1. HP: 14/14 MP: 3/3
   313 | D:1      | Reached XP level 2. HP: 20/20 MP: 2/4
   495 | D:1      | Learned a level 2 spell: Scorch
   652 | D:1      | Found Atruso Laaph's Distillery.
   660 | D:1      | Bought a potion of curing for 33 gold pieces
   682 | D:1      | Found a faded altar of an unknown god.
   685 | D:1      | Reached XP level 3. HP: 26/26 MP: 3/5
  1428 | D:2      | Reached skill level 1 in Maces & Flails
  1654 | D:2      | Reached skill level 1 in Evocations
  1666 | D:2      | Reached XP level 4. HP: 33/33 MP: 4/6
  1828 | D:3      | Noticed an earth elemental
  1828 | D:3      | Found a stormy altar of Qazlal.
  1829 | D:3      | Noticed a water elemental
  1829 | D:3      | Noticed an air elemental
  1829 | D:3      | Noticed a fire elemental
  2109 | D:4      | Noticed a scorpion
  2424 | D:3      | Became a worshipper of Beogh the Brigand
  2607 | D:3      | Noticed a phantom
  2631 | D:3      | Killed a phantom
  2632 | D:3      | Reached skill level 1 in Armour
  2632 | D:3      | Reached XP level 5. HP: 7/39 MP: 0/7
  2879 | D:3      | Reached skill level 1 in Fighting
  3340 | D:3      | Found a sparkling altar of Nemelex Xobeh.
  3400 | D:3      | Learned a level 1 spell: Foxfire
  3460 | D:4      | Noticed Eustachio
  4628 | D:5      | Entered Level 5 of the Dungeon
  4629 | D:5      | Found an ornate altar of the Wu Jian Council.
  4649 | D:4      | Learned a level 3 spell: Conjure Flame
  4677 | D:4      | Reached XP level 6. HP: 47/47 MP: 1/9
  4765 | D:4      | Noticed Grinder
  4773 | D:4      | Paralysed by Grinder for 3 turns
  4812 | D:5      | HP: 2/48 [hound (4)]
  4820 | D:5      | Reached skill level 1 in Invocations
  5455 | D:5      | Reached XP level 7. HP: 50/53 MP: 7/10
  5682 | D:4      | Paralysed by Grinder for 2 turns
  5690 | D:4      | Paralysed by Grinder for 5 turns
  5695 | D:4      | HP: 1/53 [Grinder (4)]
  5696 | D:4      | Killed Grinder
  6029 | D:4      | Found a staircase to the Ecumenical Temple.
  6212 | D:4      | Noticed Ijyb
  6271 | D:4      | Reached * piety under Beogh
  6339 | D:4      | Found a snail-covered altar of Cheibriados.
  6834 | D:5      | Reached XP level 8. HP: 61/61 MP: 7/12
  8216 | D:6      | Reached skill level 5 in Fire Magic
  8731 | D:3      | Killed Eustachio
  8732 | D:3      | Reached XP level 9. HP: 68/68 MP: 11/15
  8856 | D:1      | Bought a potion of curing for 33 gold pieces
  8856 | D:1      | Bought a potion of curing for 33 gold pieces
  8856 | D:1      | Bought a potion of curing for 33 gold pieces
  9408 | D:6      | Found Uhotumargh's Assorted Antiques.
  9757 | D:5      | Learned a level 4 spell: Flame Wave
 10174 | D:6      | Reached skill level 5 in Invocations
 10228 | D:6      | Found an iron altar of Okawaru.
 10443 | D:6      | Killed Ijyb
 10629 | D:6      | Found a hide-covered altar of Uskayaw.
 10635 | D:6      | Learned a level 3 spell: Mephitic Cloud
 11122 | D:6      | Reached skill level 5 in Evocations
 11132 | D:6      | Learned a level 2 spell: Call Imp
 11984 | D:7      | Found a hazy altar of Hepliaklqana.
 12382 | D:8      | Found Zaubonoa's Armour Boutique.
 12390 | D:7      | Reached ** piety under Beogh
 12401 | D:8      | Noticed Pikel
 12640 | D:8      | Found a bloodstained altar of Trog.
 12719 | D:8      | Reached skill level 5 in Spellcasting
 12719 | D:8      | Reached XP level 10. HP: 66/77 MP: 9/17
 12807 | D:8      | Found Teily's Armour Shoppe.
 12913 | D:8      | Found Unycluss's Weapon Shoppe.
 12913 | D:8      | Found Oraufere's Antique Armour Shoppe.
 12917 | D:8      | Found Kohal's Jewellery Shoppe.
 12919 | D:8      | Killed Pikel
 12920 | D:8      | Reached skill level 5 in Maces & Flails
 13140 | D:7      | Reached skill level 1 in Summonings
 13569 | D:8      | Noticed a green ugly thing
 13795 | D:8      | Found a transporter.
 13800 | D:8      | Noticed TheGamechu's ghost (novice MiFi)
 13813 | D:8      | Found a one-way gate to the infinite horrors of the Abyss.
 13829 | D:8      | Found a transporter.
 15751 | D:9      | Found a radiant altar of Vehumet.
 16275 | D:10     | Entered Level 10 of the Dungeon
 16278 | D:10     | Noticed a two-headed ogre
 16413 | D:9      | Slain by a two-headed ogre

Illustrated notes

Levels and vault maps discovered:
D:1:      lightli_arrival_chessboard, layout_loops_ring,
          dreamdust_ecumenical_altar_statues, serial_shops, shop, minivault_11,
          minmay_misc_feat_nine_boxes, chequers_mini_garden
D:2:      layout_loops_ring, minmay_3d_cube
D:3:      layout_loops_cross, nicolae_qazlal_style_of_elements,
          nemelex_dance_club_becter, serial_glass, glass_columns_a,
          glass_columns_c, chequers_arboretum, chequers_garden,
          serial_bayou_crossing
D:4:      layout_basic, mainiacjoe_overflow_tiny_flanked,
          minmay_temple_entry_enclosed_plants, uniq_ijyb, uniq_eustachio,
          uniq_grinder
D:5:      layout_basic, overflow_temple_1_default
D:6:      layout_basic, nicolae_uskayaw_dance_hall, okawaru_ov_weapons_minmay,
          serial_shops, shop, chequers_hall_statues_corner_a,
          kennysheep_diamond, nrook_pool_corridor, hex_medium,
          lemuel_flamethrower_1
D:7:      layout_cave_pools, nicolae_hepliaklqana_hazy_memory, st_stairs_13
D:8:      layout_loops_ring, amcnicky_altar_gilded, serial_shops, shop,
          gammafunk_ghost_abyssal_escape, minmay_shop_grid_forest,
          hangedman_decor_opposing, uniq_pikel
D:9:      layout_irregular_city, overflow_temple_1_default
D:10:     layout_cave_pools, mainiacjoe_overflow_cross_hatched, orc_david_3,
          eino_tiny_chamber, minmay_misc_feat_cross

Skill      XL: |  1  2  3  4  5  6  7  8  9 10 |
---------------+-------------------------------+-----
Dodging        | 2 3 |  3.8
Stealth        | 2 3 |  3.0
Maces & Flails | 1 2 3 4 5 |  5.6
Evocations     | 1 2 3 4 5 6 |  6.4
Armour         | 1 2 3 |  3.9
Fighting       | 1 2 3 |  3.6
Spellcasting   | 2 3 4 5 |  5.3
Invocations    | 1 3 4 6 |  6.9
Fire Magic     | 4 5 6 |  6.9
Conjurations   | 2 |  2.7
Summonings     | 1 |  1.2
Throwing       | |  0.2

Action                   |  1- 3 |  4- 6 |  7- 9 | 10-12 || total
-------------------------+-------+-------+-------+-------++-------
Melee: Unarmed           |     2 |       |       |       ||     2
       Dagger            |    10 |       |       |       ||    10
       Whip              |    27 |   183 |   216 |   104 ||   530
       Punch             |       |       |     4 |     2 ||     6
Throw: Boomerang         |       |     4 |     6 |       ||    10
 Cast: Foxfire           |    30 |    33 |    59 |    19 ||   141
       Scorch            |     2 |    18 |    95 |    15 ||   130
       Conjure Flame     |       |     3 |     7 |       ||    10
       Call Imp          |       |       |    10 |     7 ||    17
       Flame Wave        |       |       |     3 |    12 ||    15
       Mephitic Cloud    |       |       |       |     4 ||     4
Invok: Convert to Beogh  |       |     1 |       |       ||     1
  Use: Scroll            |     2 |     4 |     6 |     4 ||    16
       Potion            |     1 |     3 |     3 |     2 ||     9
 Stab: Sleeping          |     1 |     3 |     1 |     1 ||     6
       Distracted        |       |     1 |     1 |       ||     2
       Confused          |       |       |       |     2 ||     2
Armor: Robe              |     2 |       |       |       ||     2
       Leather armour    |    10 |    92 |   138 |    82 ||   322
       Skin              |       |       |    13 |       ||    13
Dodge: Dodged            |    28 |   177 |   243 |   134 ||   582

Table legend: (Time is in decaauts)
 A = Elapsed time spent in this place.
 B = Non-inter-level travel time spent in this place.
 C = Inter-level travel time spent in this place.
 D = Time resting spent in this place.
 E = Time spent auto-exploring this place.
 F = Levels seen in this place.
 G = Mean time per level.
                   A        B        C        D        E       F      G
               +--------+--------+--------+--------+--------+-----+--------+
         Total |  16430 |  15968 |    462 |   4736 |   7259 |  10 | 1643.0 |
       Dungeon |  16430 |  15968 |    462 |   4736 |   7259 |  10 | 1643.0 |
               +--------+--------+--------+--------+--------+-----+--------+

Top non-repeatable levels by time:
     D:5: 2848 daAuts
     D:6: 2525 daAuts
     D:8: 2152 daAuts
     D:3: 2105 daAuts
     D:4: 1846 daAuts
     D:7: 1349 daAuts
     D:9: 1312 daAuts
     D:1: 1150 daAuts
     D:2: 1121 daAuts
    D:10: 19 daAuts
